 Dungeon Crawl Stone Soup version 0.28.0-45-g0d030f2227 (webtiles) character file.

Game seed: 6014990412552040096

540 MisterFreud the Ruffian (level 7, -1/59 HPs)
             Began as a Red Draconian Transmuter on Apr 17, 2022.
             Was an Initiate of Ru.
             Slain by a phantom (8 damage)
             ... on level 4 of the Dungeon.
             The game lasted 00:05:54 (4489 turns).

MisterFreud the Ruffian (Red Draconian Transmuter)  Turns: 4489, Time: 00:05:54

Health: -1/59      AC:  2    Str: 12    XL:     7   Next: 5%
Magic:  2/10       EV: 19    Int: 16    God:    Ru [......]
Gold:   408        SH:  0    Dex: 16    Spells: 5/10 levels left

rFire   . . .      SeeInvis .     - Unarmed
rCold   . . .      Faith    .   (shield currently unavailable)
rNeg    . . .      Spirit   .   (armour unavailable)
rPois   x          Reflect  .   (helmet currently unavailable)
rElec   .          Harm     .   (cloak currently unavailable)
rCorr   .          Rampage  .   (gloves currently unavailable)
Will    .....                   (boots currently unavailable)
Stlth   +.........              (no amulet)
HPRegen 0.19/turn               (no ring)
MPRegen 0.12/turn               (no ring)

@: spider-form (expiring)
A: venomous fangs, (breathe fire), AC +6, tiny, unfitting armour, (fire
resistance 1), (cold-blooded)
a: End Transformation, Renounce Religion


You were on level 4 of the Dungeon.
You worshipped Ru.
Ru was noncommittal.
You were a venomous arachnid creature.
You visited 1 branch of the dungeon, and saw 4 of its levels.
You also visited: Ossuary.

You collected 408 gold pieces.

Inventory:

Wands
 d - a wand of polymorph (6)
Scrolls
 j - a scroll of brand weapon {unknown}
Potions
 a - a potion of might
 b - a potion of mutation
 h - a potion of degeneration {unknown}


   Skills:
 - Level 4.0 Fighting
 - Level 1.7 Dodging
 + Level 5.5 Unarmed Combat
 - Level 2.0 Spellcasting
 - Level 5.0 Transmutations


You had 5 spell levels left.
You knew the following spells:

 Your Spells              Type           Power      Damage    Failure   Level
b - Wereblood             Tmut           17%        N/A       13%         2
c - Spider Form           Tmut/Pois      9%         N/A       43%         3

Your spell library contained the following spells:

 Spells                   Type           Power      Damage    Failure   Level
 Beastly Appendage        Tmut           34%        N/A       10%         1
 Ice Form                 Ice/Tmut       9%         N/A       78%         4


Dungeon Overview and Level Annotations

Branches:
Dungeon (4/15)            Ossuary (visited)
 Temple: D:4-7

Altars:
Ru
Sif Muna
Wu Jian

Shops:
D:2 *


Innate Abilities, Weirdness & Mutations

You are a venomous arachnid creature.
You have poisonous fangs.
You are tiny and dextrous.
Your spellcasting is less reliable in this form.
Your armour is entirely melded.
You are incapable of wielding weapons or throwing items.
((You can breathe blasts of fire.))
((Your fiery red scales are hard. (AC +6)))
You cannot fit into any form of body armour.
((Your flesh is heat resistant. (rF+)))
((You are cold-blooded and may be slowed by cold attacks.))


Message History

* * * LOW HITPOINT WARNING * * *
The phantom blinks!
You blink.
Casting: Spider Form (dangerous; 22% risk of failure)
Confirm with . or Enter, or press ? or * to list all spells.
You turn into a venomous arachnid creature.
The goblin hits you but does no damage. The phantom hits you.
* * * LOW HITPOINT WARNING * * *
The phantom blinks!
You blink.
You bite the phantom!
The phantom is moderately damaged.
The phantom barely misses you.
You barely miss the phantom.
The phantom is moderately damaged.
The phantom misses you.
You bite the mummy!
You destroy the mummy!
The phantom hits you.
* * * LOW HITPOINT WARNING * * *
You hit the phantom.
The phantom is heavily damaged.
The phantom hits you.
* * * LOW HITPOINT WARNING * * *
You closely miss the phantom.
The phantom is heavily damaged.
The goblin closely misses you.
You hit the phantom.
The phantom is heavily damaged.
The phantom hits you!
* * * LOW HITPOINT WARNING * * *
The goblin misses you.
You barely miss the phantom.
The phantom is heavily damaged.
The phantom closely misses you. The goblin hits you but does no damage.
You feel better.
Your transformation is almost over.
The phantom misses you. The goblin misses you.
You bite the phantom!
The phantom is severely damaged.
The phantom hits you!
You die...

#......§......§.......
#####.###.............##
#.......######...######
#.###.#.######...#
#>#.##.......#
.(#.##.###...# #.##.##
#.>..####
#.....<....##...g...#
####.##.##.##...s...# #!
.#.#/....W.##.####
#.....)....##....#
..#.##.##.....#.## .##.
#...###.....#### .
#.........#M...# #
#........##..#.#
###.##..###..# #
...#..##.#..#


You could see a phantom and a goblin.

Vanquished Creatures
  Sigmund (D:2)
  An elf zombie (Ossuary)
  2 centaur zombies (Ossuary)
  A human zombie (Ossuary)
  A centaur skeleton (D:4)
  Terence (D:2)
  3 mummies
  Robin (D:4)
  A worm (D:2)
  A dart slug (D:3)
  11 orcs (D:3)
  3 ball pythons
  10 endoplasms
  10 giant cockroaches
  2 gnoll zombies (Ossuary)
  6 hobgoblins
  4 jackals (D:4)
  5 quokkas
  10 bats
  3 frilled lizards
  13 goblins
  4 goblin zombies (Ossuary)
  A hobgoblin zombie (Ossuary)
  4 kobolds
  3 orc zombies (Ossuary)
  3 rats (D:2)
105 creatures vanquished.

Notes
Turn   | Place    | Note
-------+----------+-------------------------------------------
     0 | D:1      | MisterFreud the Draconian Transmuter began the quest for
                  | the Orb.
     0 | D:1      | Reached XP level 1. HP: 16/16 MP: 3/3
   701 | D:1      | Reached XP level 2. HP: 23/23 MP: 3/5
  1322 | D:2      | Found Ahusoisch's General Store.
  1538 | D:2      | Found a faded altar of an unknown god.
  1542 | D:2      | Noticed Sigmund
  1584 | D:1      | Reached XP level 3. HP: 8/28 MP: 6/6
  2078 | D:2      | Learned a level 2 spell: Wereblood
  2082 | D:2      | Learned a level 3 spell: Spider Form
  2093 | D:2      | Found an ornate altar of the Wu Jian Council.
  2121 | D:2      | Killed Sigmund
  2122 | D:2      | Reached skill level 5 in Transmutations
  2122 | D:2      | Reached XP level 4. HP: 17/38 MP: 1/7
  2122 | D:2      | Reached XP level 5. HP: 21/45 MP: 1/8
  2506 | D:2      | Noticed Terence
  2515 | D:2      | Killed Terence
  3128 | D:3      | Found a shimmering blue altar of Sif Muna.
  3155 | D:3      | Found a sacrificial altar of Ru.
  3172 | D:3      | Became a worshipper of Ru the Awakened
  3554 | D:3      | Reached XP level 6. HP: 50/52 MP: 5/9
  3777 | D:4      | Noticed Robin
  3796 | D:4      | Found a sand-covered staircase.
  3802 | Ossuary  | Entered an ossuary
  4191 | Ossuary  | Reached skill level 5 in Unarmed Combat
  4448 | D:4      | Your scales start taking on a fiery red colour.
  4448 | D:4      | Reached XP level 7. HP: 48/59 MP: 3/10
  4448 | D:4      | Gained mutation: Your flesh is heat resistant. (rF+) [Red
                  | Draconian growth]
  4450 | D:4      | Killed Robin
  4486 | D:4      | HP: 1/59 [phantom (7)]
  4489 | D:4      | Slain by a phantom

Illustrated notes

Levels and vault maps discovered:
D:1:      dpeg_arrival_tiny_d, layout_loops_ring, minmay_pentomino_u2
D:2:      layout_basic, chequers_ecumenical_altar_simple_redux, basic_altar,
          serial_shops, shop, uniq_terence, uniq_sigmund
D:3:      minmay_roachtagon, layout_loops_ring, nicolae_ru_sacrificial_ziggurat,
          mainiacjoe_overflow_cross_hatched, bh_walls_and_bars
D:4:      layout_loops_cross, gup_ossuary_entry_pyramid, uniq_robin

Skill      XL: |  1  2  3  4  5  6 |
---------------+-------------------+-----
Transmutations | 3 5 |  5.0
Fighting       | 3 4 |  4.0
Unarmed Combat | 5 |  5.5
Dodging        | |  1.7
Spellcasting   | |  2.0

Action                   |  1- 3 |  4- 6 |  7- 9 || total
-------------------------+-------+-------+-------++-------
Melee: Unarmed           |   100 |   235 |    20 ||   355
       Kick              |    23 |     9 |       ||    32
       Headbutt          |    11 |     6 |       ||    17
       Tailslap          |     3 |    10 |       ||    13
       Punch             |       |     3 |       ||     3
 Cast: Beastly Appendage |    27 |    10 |       ||    37
       Spider Form       |     1 |    16 |     2 ||    19
  Use: Potion            |     1 |       |     3 ||     4
       Scroll            |       |     5 |       ||     5
 Stab: Sleeping          |     1 |     2 |       ||     3
Armor: Skin              |    37 |    47 |     3 ||    87
Dodge: Dodged            |    75 |   208 |    21 ||   304
